 Dungeon Crawl Stone Soup version 0.29-a0-422-gafbd6decc1 (webtiles) character file.

Game seed: 15202940265803117117

697 xian the Covered (level 7, -20/52 HPs)
             Began as a Djinni Fighter on May 18, 2022.
             Was an Initiate of Okawaru.
             Demolished by Menkaure (24 damage)
             ... on level 5 of the Dungeon on May 19, 2022.
             The game lasted 00:14:05 (4561 turns).

xian the Covered (Djinni Fighter)                   Turns: 4561, Time: 00:14:06

Health: -20/52     AC:  8    Str: 17    XL:     7   Next: 97%
Gold:   257        EV: 10    Int: 13    God:    Okawaru [......] SH:  5 Dex: 13

rFire   + + .      SeeInvis .   p - +9 trident of Fabuquw {venom, Fly rPois Int+4 Stlth+}
rCold   x . .      Faith    .   b - +0 buckler
rNeg    . . .      Spirit   .   a - +0 scale mail
rPois   ∞          Reflect  .   (no helmet)
rElec   .          Harm     +   A - scarf {harm}
rCorr   .          Rampage  .   e - +0 pair of gloves
Will    .....                   (boots unavailable)
Stlth   +.........              (no amulet)
HPRegen 0.17/turn               r - ring of wizardry
MPRegen 0.00/turn               (no ring)

@: about to teleport, marked, flying
A: sickness immunity, fire resistance 2, cold vulnerability 1, float, innate
caster, HP casting, extra vitality 1
a: Renounce Religion


You were on level 5 of the Dungeon.
You worshipped Okawaru.
Okawaru was noncommittal.
You visited 1 branch of the dungeon, and saw 5 of its levels.
You also visited: Sewer.

You collected 257 gold pieces.

Inventory:

Hand Weapons
 p - the +9 trident of Fabuquw (weapon) {venom, Fly rPois Int+4 Stlth+}
   (You found it on level 2 of the Dungeon)

   It poisons the flesh of those it strikes.
   Int:       It affects your intelligence (+4).
   rPois:     It protects you from poison.
   Fly:       It grants you flight.
   Stlth:     It makes you more stealthy.
 s - a +2 whip of venom
Missiles
 q - 50 poisoned darts (quivered)
 w - a boomerang of dispersal
Armour
 a - a +0 scale mail (worn)
 b - a +0 buckler (worn)
 e - a +0 pair of gloves (worn)
 A - a scarf of harm (worn)
Magical Staves
 i - a staff of death
Jewellery
 r - a ring of wizardry (left hand)
Wands
 v - a wand of digging (5)
Scrolls
 d - 2 scrolls of identify {unknown}
 f - 5 scrolls of teleportation
 k - a scroll of fog {unknown}
 l - a scroll of immolation {unknown}
 n - 3 scrolls of noise {unknown}
 o - 2 scrolls of enchant armour {unknown}
 u - 2 scrolls of amnesia {unknown}
 y - a scroll of magic mapping {unknown}
 B - a scroll of torment {unknown}
 C - a scroll of summoning {unknown}
 D - a scroll of blinking {unknown}
 E - a scroll of brand weapon {unknown}
 F - a scroll of enchant weapon {unknown}
 I - a scroll of vulnerability {unknown}
Potions
 c - a potion of might
 g - 2 potions of attraction {unknown}
 h - 3 potions of invisibility {unknown}
 j - 2 potions of mutation {unknown}
 m - 2 potions of heal wounds {unknown}
 t - a potion of degeneration {unknown}
 x - a potion of ambrosia {unknown}
 z - a potion of brilliance {unknown}
 G - 3 potions of curing {unknown}
 H - 2 potions of haste {unknown}


   Skills:
 + Level 4.1 Fighting
 + Level 3.5 Polearms
 + Level 0.2 Throwing
 + Level 5.0 Armour
 + Level 2.3 Dodging
 + Level 1.0 Stealth
 + Level 3.9 Shields
 + Level 2.9 Unarmed Combat


You couldn't memorise any spells.
You knew the following spells:

 Your Spells              Type           Power      Damage    Failure   Level
a - Pain                  Necr           0%         1d4       43%         1
b - Scorch                Fire           0%         2d5       56%         2
c - Stone Arrow           Conj/Erth      0%         3d7       80%         3
Your spell library was empty.

Dungeon Overview and Level Annotations

Branches:
Dungeon (5/15)              Sewer (visited)
 Temple: D:4-7

Altars:
Hepliaklqana
Okawaru

Shops:
D:2 ?

Annotations:
D:5 Menkaure


Innate Abilities, Weirdness & Mutations

You are immune to sickness and miasma.
You are immune to poison.
Your flesh is very heat resistant. (rF++)
You are vulnerable to cold. (rC-)
You float through the air rather than walking.
You learn spells naturally, not from books.
Your magical power is your life essence.
You have superior vitality. (+4 MHP)


Message History

The adder bites you but does no damage.
You hit the adder.
The adder looks as sick as possible!
The adder is severely wounded.
You kill the adder!
Okawaru accepts your kill.
You puncture the hound!
The hound is poisoned.
The hound is heavily wounded.
The hound barely misses you. The hound bites you.
You hit the hound.
The hound is severely wounded.
The hound bites you but does no damage. The hound bites you.
You puncture the hound!
You kill the hound!
Okawaru accepts your kill.
An adder comes into view.
You block the necrophage's attack.
Your Armour skill increases to level 5!
Reach: p) +9 trident of Fabuquw {venom, Fly rPois Int+4 Stlth+}
Press: ? - help, Dir - move target, f - Menkaure
Aim: Menkaure (about 20% to evade the +9 trident of Fabuquw)
The necrophage is in the way.
You barely miss the necrophage.
A hound comes into view.
The necrophage hits you but does no damage.
You hit Menkaure.
Menkaure is moderately damaged.
The necrophage hits you but does no damage.
You barely miss Menkaure.
Menkaure is moderately damaged.
The necrophage hits you but does no damage.
Menkaure hits you!!
You hit Menkaure.
Menkaure is heavily damaged.
The necrophage hits you but does no damage.
Menkaure hits you!!
* * * LOW HITPOINT WARNING * * *
A scorpion comes into view.
The necrophage hits you but does no damage.
As you read the scroll of teleportation, it crumbles to dust.
You feel strangely unstable. Menkaure hits you!!
You die...

#..............#...
#.......... .......
###.....#### s.....
#.......# ....#
#.###...# ....# #.
#<..# .?. #.
#...#####S# #
...##....[..Mn#..#(#
#.....P....@.....P#
####.#...P≈≈.......
#.....≈h≈.......
###.P.≈≈≈≈≈..$...
#.)...≈≈≈≈≈≈P≈≈..
#.##P≈≈≈≈≈≈≈≈≈P..
... #.≈≈≈≈≈≈≈≈!P..
#.#. #..≈≈≈≈≈≈≈....
#.#. ...≈≈≈≈≈≈)


You could see a necrophage, Menkaure, a scorpion, a hound and an adder.

Vanquished Creatures
  A phantom (D:4)
  2 kobold brigands (Sewer)
  2 jellies
  2 hounds
  An orc priest (D:4)
  Ijyb (D:3)
  2 orc wizards (D:4)
  A gnoll (D:3)
  2 river rats (D:4)
  11 adders
  5 worms
  2 dart slugs
  7 orcs
  11 ball pythons
  11 endoplasms
  5 giant cockroaches
  7 goblins
  8 hobgoblins
  3 jackals (D:2)
  3 quokkas (D:1)
  4 bats
  4 frilled lizards
  14 kobolds
  10 rats
119 creatures vanquished.

Vanquished Creatures (others)
  56 plants (D:4)
56 creatures vanquished.

Grand Total: 175 creatures vanquished

Notes
Turn   | Place    | Note
-------+----------+-------------------------------------------
     0 | D:1      | xian the Djinni Fighter began the quest for the Orb.
     0 | D:1      | Reached XP level 1. HP: 20/20 MP: 0/0
   148 | D:1      | Reached XP level 2. HP: 16/25 MP: 0/0
   835 | D:1      | Reached XP level 3. HP: 27/30 MP: 0/0
   835 | D:1      | Learned a level 1 spell: Pain
  1113 | D:1      | Found a faded altar of an unknown god.
  1361 | D:2      | Reached skill level 1 in Dodging
  1578 | D:2      | Reached XP level 4. HP: 35/35 MP: 0/0
  1870 | D:2      | Found Amemn's Magic Scroll Boutique.
  1886 | D:2      | Identified the +9 trident of Fabuquw {venom, Fly rPois
                  | Int+4 Stlth+}
  2428 | D:3      | Noticed Ijyb
  2438 | D:3      | Killed Ijyb
  2439 | D:3      | Reached XP level 5. HP: 32/40 MP: 0/0
  2439 | D:3      | Learned a level 2 spell: Scorch
  2973 | D:3      | Reached skill level 1 in Polearms
  3321 | D:4      | Noticed a phantom
  3326 | D:4      | Killed a phantom
  3327 | D:4      | Reached skill level 4 in Armour
  3327 | D:4      | Reached XP level 6. HP: 45/47 MP: 0/0
  3428 | D:4      | Found a glowing drain.
  3452 | Sewer    | Entered a sewer
  3591 | Sewer    | Reached XP level 7. HP: 46/51 MP: 0/0
  3591 | Sewer    | Learned a level 3 spell: Stone Arrow
  3912 | D:4      | Found a hazy altar of Hepliaklqana.
  4000 | D:4      | Found an iron altar of Okawaru.
  4015 | D:4      | Became a worshipper of Warmaster Okawaru
  4200 | D:4      | Reached skill level 1 in Stealth
  4501 | D:5      | Entered Level 5 of the Dungeon
  4550 | D:5      | Noticed Menkaure
  4557 | D:5      | Reached skill level 5 in Armour
  4561 | D:5      | Demolished by Menkaure

Illustrated notes

Levels and vault maps discovered:
D:1:      sevenhm_arrival_forest_fort_small_3, layout_basic,
          shapermc_ecumenical_altar_mp_ritualfount
D:2:      layout_loops_cross, serial_shops, shop_fountains, st_stairs_9
D:3:      minmay_thinvault, layout_rooms, uniq_ijyb
D:4:      layout_loops_ring, mainiacjoe_overflow_catch_the_wave,
          portal_sewer_entry_a, minmay_misc_feat_roman,
          wad_floor_pattern_untrapped
D:5:      layout_loops_ring, minmay_temple_entry_glassed_door,
          guppyfry_early_lair_pool, uniq_menkaure

Skill      XL: |  1  2  3  4  5  6  7 |
---------------+----------------------+-----
Dodging        | 1 2 |  2.3
Polearms       | 1 2 3 |  3.5
Armour         | 4 5 |  5.0
Fighting       | 4 |  4.1
Stealth        | 1 |  1.0
Throwing       | |  0.2
Shields        | |  3.9
Unarmed Combat | |  2.9

Action                   |  1- 3 |  4- 6 |  7- 9 || total
-------------------------+-------+-------+-------++-------
Melee: Unarmed           |   123 |    44 |       ||   167
       Trident           |       |    93 |    77 ||   170
Throw: Dart              |       |       |     8 ||     8
  Use: Scroll            |       |     1 |     1 ||     2
 Stab: Sleeping          |       |     2 |       ||     2
Armor: Scale mail        |    60 |    51 |    32 ||   143
Dodge: Dodged            |    52 |    62 |    31 ||   145
Block: Buckler           |    24 |    32 |    15 ||    71

Table legend: (Time is in decaauts)
 A = Elapsed time spent in this place.
 B = Non-inter-level travel time spent in this place.
 C = Inter-level travel time spent in this place.
 D = Time resting spent in this place.
 E = Time spent auto-exploring this place.
 F = Levels seen in this place.
 G = Mean time per level.
                   A        B        C        D        E       F      G
               +--------+--------+--------+--------+--------+-----+--------+
         Total |   4598 |   4519 |     79 |      0 |   3304 |   6 |  766.3 |
       Dungeon |   4255 |   4176 |     79 |      0 |   3142 |   5 |  851.0 |
         Sewer |    342 |    342 |      0 |      0 |    162 |   1 |  342.0 |
               +--------+--------+--------+--------+--------+-----+--------+

Top non-repeatable levels by time:
     D:1: 1163 daAuts
     D:4: 1049 daAuts
     D:3: 1003 daAuts
     D:2: 977 daAuts
   Sewer: 342 daAuts
     D:5: 61 daAuts
